 Dungeon Crawl Stone Soup version 0.28-a0-1142-gc8569940dd (webtiles) character file.

Game seed: 602162433773578059

31 ChaosChampion the Insei (level 3, 0/20 (23) HPs)
             Began as an Octopode Transmuter on Dec 13, 2021.
             Slain by an adder (4 damage)
             ... on level 2 of the Dungeon.
             The game lasted 00:01:19 (1088 turns).

ChaosChampion the Insei (Octopode Transmuter)       Turns: 1088, Time: 00:01:19

HP:   0/20 (23)     AC:  1    Str:  9    XL:     3   Next: 22%
MP:   6/6           EV: 13    Int: 17    God:
Gold: 27            SH:  0    Dex: 12    Spells: 3/6 levels left

rFire   . . .      SeeInvis .     - Unarmed
rCold   . . .      Faith    .   (no shield)
rNeg    . . .      Spirit   .   (helmet restricted)
rPois   .          Reflect  .   (no amulet)
rElec   .          Harm     .   (no ring)
rCorr   .          Rampage  .   (no ring)
Will    .....                   (no ring)
Stlth   ++........              (no ring)
HPRegen 0.06/turn               (no ring)
MPRegen 0.10/turn               (no ring)
                                (no ring)
                                (no ring)

@: lethally poisoned (0 -> -2), heavily drained
A: almost no armour, amphibious, 8 rings, camouflage 1, gelatinous body 1,
(nimble swimmer 1), tentacles
a: no special abilities


You were on level 2 of the Dungeon.
You visited 1 branch of the dungeon, and saw 2 of its levels.

You collected 27 gold pieces.

Inventory:

Scrolls
 a - a scroll of enchant weapon {unknown}
 b - a scroll of fog {unknown}


   Skills:
 - Level 1.0 Fighting
 - Level 2.0 Dodging
 * Level 3.9 Unarmed Combat
 - Level 2.0 Spellcasting
 + Level 2.5 Transmutations


You had 3 spell levels left.
You knew the following spells:

 Your Spells              Type           Power      Damage    Failure   Level
a - Beastly Appendage     Tmut           20%        N/A       7%          1
b - Wereblood             Tmut           10%        N/A       11%         2

Your spell library contained the following spells:

 Spells                   Type           Power      Damage    Failure   Level
 Spider Form              Tmut/Pois      6%         N/A       34%         3
 Ice Form                 Ice/Tmut       6%         N/A       75%         4


Dungeon Overview and Level Annotations

Branches:
Dungeon (2/15)

Altars:


Innate Abilities, Weirdness & Mutations

You cannot wear most types of armour.
You are amphibious.
You can wear up to eight rings at the same time.
Your skin changes colour to match your surroundings (Stealth+).
Your rubbery body absorbs attacks. (AC +1, EV +1)
((You are camouflaged near water. (Stealth+)))
You have tentacles for arms and can constrict up to eight enemies at once.


Message History

Your transformation is almost over.
The rat closely misses you.
You tentacle-slap the rat.
You feel a bit better.
You kill the rat!
A bat comes into view.
The bat moves out of view.
Things that are here:
a +0 dagger of draining; a kobold corpse
Found a scroll labelled GOBAARIXYNK.
Your primal bloodlust is almost over.
Your tentacle spike disappears.
b - a scroll labelled PEFOAMU PIXEAWO A rat and a hobgoblin come into view.
Found 12 gold pieces.
You hear a shout! x2
An adder comes into view.
You see here a viscous grey potion.
A goblin comes into view. It is wielding a +0 dagger.
Your primal bloodlust has ended.
The adder closely misses you. The rat bites you. The adder misses you.
Things that are here:
a +0 dagger of draining; a kobold corpse The adder bites you.
You are poisoned.
The adder poisons you!
You feel sick.
You feel sick.
Sorry, you're not good enough to have a special ability.
Unknown command.
You are too injured to fight recklessly!
You barely miss the adder. You grab the adder. You squeeze the adder.
The adder is moderately wounded.
You constrict the adder.
You feel sick. The adder barely misses you.
You tentacle-slap the adder.
You squeeze the adder, but do no damage.
The adder is severely wounded.
You constrict the adder.
You feel sick. The adder closely misses you. The adder bites you.
You die...

##.!......#
#...######
#..#.#
...#.#.#
##.##.#.# #$
..#g# # ..#g#
..##S#######.#
## #.@.†.....#
#########..


You could see an adder, a hobgoblin and a goblin.

Vanquished Creatures
  A worm (D:2)
  A ball python (D:1)
  2 endoplasms (D:1)
  4 goblins (D:1)
  3 hobgoblins (D:1)
  A quokka (D:1)
  2 bats (D:1)
  2 frilled lizards (D:1)
  5 kobolds
  6 rats
27 creatures vanquished.

Vanquished Creatures (others)
  A demonic plant (D:1)
1 creature vanquished.

Grand Total: 28 creatures vanquished

Notes
Turn   | Place    | Note
-------+----------+-------------------------------------------
     0 | D:1      | ChaosChampion the Octopode Transmuter began the quest for
                  | the Orb.
     0 | D:1      | Reached XP level 1. HP: 13/13 MP: 3/3
   161 | D:1      | Reached XP level 2. HP: 14/18 MP: 3/5
   172 | D:1      | Learned a level 2 spell: Wereblood
   600 | D:1      | Found a faded altar of an unknown god.
   600 | D:1      | Noticed a red devil
   608 | D:1      | Reached XP level 3. HP: 23/23 MP: 2/6
  1088 | D:2      | Slain by an adder

Illustrated notes

Levels and vault maps discovered:
D:1:      evilmike_arrival_hilbert_curve, layout_basic,
          dreamdust_ecumenical_altar_sealed_demon, roderic_roman_lattice
D:2:      layout_loops_ring, minmay_ruptured

Action                   || total
-------------------------++-------
Melee: Unarmed           ||    50
       Constrict         ||    16
       Kick              ||     7
       Tentacles         ||    10
       Punch             ||     3
 Cast: Beastly Appendage ||    10
       Wereblood         ||     7
 Stab: Sleeping          ||     3
Armor: Skin              ||     1
Dodge: Dodged            ||    27

Table legend: (Time is in decaauts)
 A = Elapsed time spent in this place.
 B = Non-inter-level travel time spent in this place.
 C = Inter-level travel time spent in this place.
 D = Time resting spent in this place.
 E = Time spent auto-exploring this place.
 F = Levels seen in this place.
 G = Mean time per level.
                   A        B        C        D        E       F      G
               +--------+--------+--------+--------+--------+-----+--------+
         Total |   1084 |   1084 |      0 |      0 |    898 |   2 |  542.0 |
       Dungeon |   1084 |   1084 |      0 |      0 |    898 |   2 |  542.0 |
               +--------+--------+--------+--------+--------+-----+--------+

Top non-repeatable levels by time:
     D:1: 1047 daAuts
     D:2: 36 daAuts
